 Dungeon Crawl Stone Soup version 0.25-a0-700-g7f8a7979f0 (webtiles) character file.

Game seed: 15939504692537586551, levelgen mode: deterministic

7 Esekla the Grasshopper (level 1, 0/10 HPs)
             Began as a Spriggan Warper on Apr 2, 2020.
             Slain by a jackal (3 damage)
             ... on level 1 of the Dungeon.
             The game lasted 00:01:23 (182 turns).

Esekla the Grasshopper (Spriggan Warper)             Turns: 182, Time: 00:01:24

Health: 0/10       AC:  2    Str:  7    XL:     1   Next: 91%
Magic:  5/5        EV: 19    Int: 14    God:
Gold:   18         SH:  0    Dex: 15    Spells: 5/5 levels left

rFire    . . .     SeeInvis +   a - +0 short sword
rCold    . . .     Gourm    .   (shield restricted)
rNeg     . . .     Faith    .   b - +0 robe
rPois    .         Spirit   .   (helmet restricted)
rElec    .         Reflect  .   (no cloak)
rCorr    .         Harm     .   (gloves unavailable)
MR       .....                  (boots unavailable)
Stlth    +.........             (no amulet)
HPRegen  0.03/turn              (no ring)
MPRegen  0.09/turn              (no ring)

@: very quick
A: very small, unfitting armour, see invisible, herbivore, speed 3, slow
metabolism 2
a: no special abilities


You were on level 1 of the Dungeon.
You were not hungry.

You visited 1 branch of the dungeon, and saw 1 of its levels.

You collected 18 gold pieces.

Inventory:

Hand Weapons
 a - a +0 short sword (weapon)
Missiles
 e - 5 boomerangs of dispersal (quivered)
Armour
 b - a +0 robe (worn)
Scrolls
 c - 3 scrolls of teleportation {unknown}
 d - a scroll of blinking
 g - a scroll of remove curse {unknown}
Comestibles
 f - a ration


   Skills:
 - Level 1.5 Fighting
 * Level 2.8 Short Blades
 + Level 1.1 Throwing
 + Level 3.6 Dodging
 * Level 2.7 Spellcasting
   Level 4.4 Translocations


You had 5 spell levels left.
You didn't know any spells.
Your spell library contained the following spells:

 Spells                   Type           Power        Failure   Level  Hunger
 Blink                    Tloc           N/A          5%          2    ###....
 Gell's Gravitas          Tloc           ##........   11%         3    ###....
 Lesser Beckoning         Tloc           ##........   11%         3    ###....
 Teleport Other           Tloc           ##......     11%         3    ###....
 Shroud of Golubria       Chrm/Tloc      #.....       14%         2    ###....
 Passage of Golubria      Tloc           N/A          34%         4    #####..


Dungeon Overview and Level Annotations

Branches:
Dungeon (1/15)

Altars:


Innate Abilities, Weirdness & Mutations

You are very small and have problems with some larger weapons.
You are too small for most types of armour.
You have supernaturally acute eyesight. (SInv)
You are a herbivore.
You cover ground extremely quickly.
You need to consume almost no food.


Message History

You hit the bat.
You kill the bat!
g - a scroll labeled OMIEKIAMUNN A dart slug comes into view.
You hit the giant cockroach.
The giant cockroach is moderately wounded.
The giant cockroach closely misses you.
You barely miss the giant cockroach.
The giant cockroach is moderately wounded.
The giant cockroach barely misses you.
You hit the giant cockroach.
You kill the giant cockroach!
Found 19 arrows.
You see here a giant cockroach corpse.
You hit the jackal but do no damage. The jackal completely misses you.
You hit the jackal.
The jackal is lightly wounded.
The jackal bites you but does no damage.
The jackal bites you.
You die...

############ #
.†...h.....# ###.###
####.#####.######.....(..
#.# #.....h@...# ...
#.############...#...
#..............###.# ..
#h######.#####....###..
#.# ####.#######.#.#.#
####.# #..h.h....#.....#
...w.###.##.####......###
w........##.# #........#
# .##########.#
##..†....#.#


You could see a jackal.

Vanquished Creatures
  A ball python (D:1)
  A giant cockroach (D:1)
  A goblin (D:1)
  A hobgoblin (D:1)
  A bat (D:1)
  A kobold (D:1)
  A rat (D:1)
7 creatures vanquished.

Notes
Turn   | Place    | Note
-------+----------+-------------------------------------------
     0 | D:1      | Esekla the Spriggan Warper began the quest for the Orb.
     0 | D:1      | Reached XP level 1. HP: 10/10 MP: 5/5
   182 | D:1      | Slain by a jackal

Levels and vault maps discovered:
D:1:      elethiomel_arrival_shortcut, layout_loops_ring,
          ebering_dispersal_statue_hall, minmay_pentomino_w4

Action                   || total
-------------------------++-------
Melee: Short sword       ||    31
Armor: Robe              ||     3
Dodge: Dodged            ||    19

Table legend:
 A = Non-vault XP
 B = Vault XP
 C = Vault XP percentage of total XP
 D = Non-vault monster count
 E = Vault monster count
 F = Vault count percentage of total count
                 A         B        C        D         E       F
            +---------+---------+-------+---------+---------+-------
      Total |      11 |       0 |   0.0 |       7 |       0 |   0.0
            +---------+---------+-------+---------+---------+-------
        D:1 |      11 |       0 |   0.0 |       7 |       0 |   0.0
            +---------+---------+-------+---------+---------+-------
